[Event "ICC Open 2015"]
[Site "Internet Chess Club"]
[Date "2015.05.29"]
[Round "10"]
[White "Sherlocked"]
[Black "KingsServant"]
[Result "1-0"]
[ICCResult "Black resigns"]
[WhiteElo "1938"]
[BlackElo "1490"]
[Opening "Budapest: Adler variation"]
[ECO "A52"]
[NIC "QG.01"]
[Time "21:20:16"]
[TimeControl "180+0"]

1. d4 Nf6 2. c4 e5 3. dxe5 Ng4 4. Nf3 Nc6 5. Nc3 Ngxe5 6. e3 d6 7. Be2 Be6
8. Nd5 Be7 9. O-O O-O 10. b3 Bf6 11. Nxf6+ Qxf6 12. Bd2 Rfe8 13. Rc1 Rad8
14. Bc3 Nxf3+ 15. Bxf3 Qg6 16. Re1 Ne5 17. Be2 Bh3 18. Bf1 Be6 19. Qc2 Re7
20. Qxg6 hxg6 21. Red1 Rde8 22. Rd2 Nc6 23. Rcd1 b6 24. h3 g5 25. g4 Bc8 26.
Bg2 Bb7 27. Rd5 Ne5 28. Rxe5 Bxg2 29. Rxe7 Rxe7 30. Kxg2 {Black resigns} 1-0

[Event "ICC Open 2015"]
[Site "Internet Chess Club"]
[Date "2015.05.29"]
[Round "10"]
[White "smoothg"]
[Black "Qualm"]
[Result "0-1"]
[ICCResult "White resigns"]
[WhiteElo "1758"]
[BlackElo "1702"]
[Opening "Scandinavian (center counter) defense"]
[ECO "B01"]
[NIC "VO.17"]
[Time "21:19:51"]
[TimeControl "180+0"]

1. e4 d5 2. e5 Bf5 3. f4 e6 4. Nf3 h6 5. d3 c5 6. c3 Nc6 7. Be2 Qb6 8. a4
Na5 9. Nbd2 Ne7 10. O-O Bh7 11. h3 Ng6 12. Nh2 Be7 13. Ndf3 O-O 14. Qc2 Nb3
15. Rb1 Nxc1 16. Rbxc1 Nxf4 17. Kh1 c4 18. Ne1 Nxd3 19. Nxd3 cxd3 20. Bxd3
Bxd3 21. Qxd3 Qxb2 22. Rb1 Qa3 23. Rxb7 Rac8 24. Qa6 Rxc3 25. Qxa7 Bc5 26.
Qa6 Rc1 27. Ng4 Rxf1+ 28. Qxf1 Qxa4 29. Kh2 Qc4 30. Rd7 Qxf1 {White resigns}
0-1

[Event "ICC Open 2015"]
[Site "Internet Chess Club"]
[Date "2015.05.29"]
[Round "10"]
[White "MD1"]
[Black "JCarllsen"]
[Result "0-1"]
[ICCResult "White resigns"]
[WhiteElo "1627"]
[BlackElo "1830"]
[Opening "Bird's opening"]
[ECO "A03"]
[NIC "VO.07"]
[Time "21:20:18"]
[TimeControl "180+0"]

1. f4 d5 2. Nf3 g6 3. b3 Bg7 4. d4 Nh6 5. Nc3 O-O 6. e3 c6 7. Bd3 Bf5 8. O-O
Nd7 9. h3 Bxd3 10. Qxd3 Nf5 11. Kh2 Nf6 12. e4 Nxe4 13. Nxe4 dxe4 14. Qxe4
Nxd4 15. Rb1 Nxf3+ 16. Rxf3 e6 17. Be3 Qa5 18. a4 Rad8 19. Rbf1 a6 20. c4
Qc7 21. h4 Rd7 22. h5 Rfd8 23. hxg6 hxg6 24. Rh3 Qd6 25. c5 Qd3 26. f5 Qxe4
27. fxe6 Qxe6 {White resigns} 0-1

[Event "ICC Open 2015"]
[Site "Internet Chess Club"]
[Date "2015.05.29"]
[Round "10"]
[White "paulohaddad"]
[Black "gonesailing"]
[Result "1-0"]
[ICCResult "Black resigns"]
[WhiteElo "1813"]
[BlackElo "1636"]
[Opening "Benkö gambit"]
[ECO "A57"]
[NIC "BI.46"]
[Time "21:19:36"]
[TimeControl "180+0"]

1. d4 c5 2. d5 Nf6 3. c4 b5 4. cxb5 g6 5. Nc3 Bg7 6. e4 d6 7. Nf3 O-O 8. Bd3
a6 9. O-O Nbd7 10. h3 Nb6 11. Qe2 Nfd7 12. Bg5 Ne5 13. Nxe5 Bxe5 14. Bh6 Re8
15. a4 e6 16. a5 c4 17. Bxc4 Nxc4 18. Qxc4 axb5 19. Qb4 exd5 20. Nxd5 Ra7
21. Be3 Ra8 22. Nb6 Rb8 23. Qxb5 Qh4 24. Qxe8+ Kg7 25. Nxc8 Qxe4 26. Qd7
Rxb2 27. Nxd6 Bxd6 28. Qxd6 Qb7 29. Bd4+ Kg8 30. Bxb2 Qxb2 31. a6
{Black resigns}
1-0

[Event "ICC Open 2015"]
[Site "Internet Chess Club"]
[Date "2015.05.29"]
[Round "10"]
[White "HPG1947"]
[Black "BillietheKid"]
[Result "1-0"]
[ICCResult "Black resigns"]
[WhiteElo "1721"]
[BlackElo "1429"]
[Opening "QGD: semi-Slav, Marshall gambit"]
[ECO "D31"]
[NIC "SL.06"]
[Time "21:20:29"]
[TimeControl "180+0"]

1. d4 d5 2. c4 e6 3. Nc3 c6 4. e4 Nf6 5. e5 Nfd7 6. Nf3 c5 7. cxd5 cxd4 8.
Qxd4 Bc5 9. Qg4 O-O 10. Bd3 exd5 11. Qh5 g6 12. Qh6 Nxe5 13. Nxe5 Re8 14.
Bf4 f6 15. Bxg6 Qe7 16. Bxe8 fxe5 17. Nxd5 Qxe8 18. Nf6+ {Black resigns} 1-0

[Event "ICC Open 2015"]
[Site "Internet Chess Club"]
[Date "2015.05.29"]
[Round "10"]
[White "noyb"]
[Black "ural"]
[Result "1-0"]
[ICCResult "Black resigns"]
[WhiteElo "1813"]
[BlackElo "2431"]
[Opening "Queen's pawn, Mason variation"]
[ECO "D00"]
[NIC "QP.08"]
[Time "21:20:06"]
[TimeControl "180+0"]

1. d4 d5 2. Bf4 e6 3. e3 c5 4. c3 Nc6 5. Nf3 Bd6 6. Bg3 Nf6 7. Bd3 O-O 8.
Nbd2 Re8 9. Ne5 Qc7 10. f4 Rb8 11. O-O b5 12. Bh4 Be7 13. Qf3 b4 14. Qh3 g6
15. Bg5 bxc3 16. bxc3 Rb2 17. Ndf3 Ne4 18. Nxf7 h5 19. Bxe4 dxe4 20. N3e5
cxd4 21. cxd4 Nxe5 22. Nxe5 Bxg5 23. fxg5 Qg7 24. Rac1 Ba6 25. Rf6 Kh7 26.
Rxg6 Qxg6 27. Rc7+ Kg8 28. Nxg6 Rb1+ 29. Kf2 Rf1+ 30. Kg3 {Black resigns}
1-0

[Event "ICC Open 2015"]
[Site "Internet Chess Club"]
[Date "2015.05.29"]
[Round "10"]
[White "ChessNakas"]
[Black "supermonkey"]
[Result "1-0"]
[ICCResult "Black resigns"]
[WhiteElo "2099"]
[BlackElo "1871"]
[Opening "Caro-Kann: Panov-Botvinnik attack"]
[ECO "B13"]
[NIC "CK.03"]
[Time "21:20:01"]
[TimeControl "180+0"]

1. e4 d5 2. exd5 Nf6 3. c4 c6 4. d4 cxd5 5. Nc3 Nc6 6. Nf3 Bg4 7. cxd5 Nxd5
8. Qb3 Bxf3 9. gxf3 Nb6 10. Be3 e6 11. O-O-O Qd7 12. d5 exd5 13. Bxb6 axb6
14. Nxd5 Qd8 15. Bh3 Bc5 16. Rhe1+ Kf8 17. Kb1 g6 18. Qc3 Kg8 19. Nf6+
{Black resigns}
1-0

[Event "ICC Open 2015"]
[Site "Internet Chess Club"]
[Date "2015.05.29"]
[Round "10"]
[White "maly"]
[Black "marabu"]
[Result "1-0"]
[ICCResult "Black resigns"]
[WhiteElo "2592"]
[BlackElo "2042"]
[Opening "Dutch defense"]
[ECO "A40"]
[NIC "QO.17"]
[Time "21:19:54"]
[TimeControl "180+0"]

1. d4 e6 2. c4 f5 3. Nf3 Nf6 4. Qc2 c6 5. Nc3 d5 6. Bf4 Be7 7. e3 O-O 8. Bd3
Ne4 9. h3 Nd7 10. g4 Ndf6 11. gxf5 exf5 12. Ne5 Nxc3 13. bxc3 Ne4 14. Rg1
Bf6 15. Ke2 Qe7 16. f3 Nd6 17. c5 Nf7 18. Bxf5 Bxf5 19. Qxf5 Bxe5 20. Bxe5
Nxe5 21. Qxe5 Qf7 22. Qg3 Rae8 23. Rg2 g6 24. Re1 Re6 25. Kd2 Rfe8 26. h4
Qf5 27. Qg4 Qf7 28. h5 Qe7 29. hxg6 Rxg6 30. Qh3 Rxg2+ 31. Qxg2+ Kh8 32. e4
Qf7 33. e5 Rf8 34. Rf1 Qf4+ 35. Kc2 b6 36. cxb6 axb6 37. Rg1 Qf7 38. f4 Ra8
39. Kb2 Qa7 40. Ka1 Rf8 41. f5 b5 42. f6 Ra8 43. e6 b4 44. f7 {Black
resigns} 1-0

[Event "ICC Open 2015"]
[Site "Internet Chess Club"]
[Date "2015.05.29"]
[Round "10"]
[White "HematiteBrown"]
[Black "Machinegun"]
[Result "1/2-1/2"]
[ICCResult "Game drawn by repetition"]
[WhiteElo "2214"]
[BlackElo "2506"]
[Opening "Sicilian: dragon, Yugoslav attack"]
[ECO "B75"]
[NIC "SI.17"]
[Time "21:20:15"]
[TimeControl "180+0"]

1. e4 c5 2. Nf3 d6 3. d4 cxd4 4. Nxd4 Nf6 5. Nc3 g6 6. Be3 Bg7 7. f3 Nc6 8.
Qd2 Bd7 9. O-O-O h5 10. Kb1 Rc8 11. h3 Ne5 12. f4 Rxc3 13. Qxc3 Nxe4 14. Qe1
Nc6 15. Nxc6 Bxc6 16. Bd4 Nf6 17. Qf2 a6 18. Bd3 Qa5 19. Rhe1 Bd5 20. a3 Be6
21. Bb6 Qd5 22. c4 Qc6 23. Bd4 O-O 24. Rxe6 fxe6 25. Qg3 e5 26. fxe5 dxe5
27. Bxe5 Nd7 28. Bxg7 Kxg7 29. Bxg6 Qxg6+ 30. Qxg6+ Kxg6 31. Rxd7 Rf1+ 32.
Ka2 e5 33. Rxb7 e4 34. Re7 Re1 35. c5 Kf6 36. Re8 Kf7 37. Re5 Kf6 38. Re8
Kf7 39. Re5 Kf6 40. Re8 Kf7 {Game drawn by repetition} 1/2-1/2

[Event "ICC Open 2015"]
[Site "Internet Chess Club"]
[Date "2015.05.29"]
[Round "10"]
[White "holderlin"]
[Black "Plantdawg"]
[Result "0-1"]
[ICCResult "White forfeits on time"]
[WhiteElo "1646"]
[BlackElo "1795"]
[Opening "Robatsch defense: two knights variation"]
[ECO "B07"]
[NIC "VO.17"]
[Time "21:19:36"]
[TimeControl "180+0"]

1. e4 d6 2. d4 g6 3. Nc3 Bg7 4. Nf3 c5 5. Be3 cxd4 6. Bxd4 Nf6 7. h4 Nc6 8.
Be3 Bg4 9. Be2 h5 10. Ng5 Qa5 11. f3 Bd7 12. Bc4 Ne5 13. Bb3 Nh7 14. f4 Nxg5
15. fxe5 Nxe4 16. O-O Nxc3 17. Bxf7+ Kd8 18. bxc3 Bxe5 19. Bd4 Bf5 20. Rb1
b6 21. Re1 Bxd4+ 22. cxd4 Qc3 23. Qe2 e5 24. Kh1 Qxd4 25. Rbd1 Qc5 26. Qxe5
Qxe5 27. Rxe5 Kd7 28. Re2 Rhf8 {White forfeits on time} 0-1

[Event "ICC Open 2015"]
[Site "Internet Chess Club"]
[Date "2015.05.29"]
[Round "10"]
[White "bythebook"]
[Black "cristoforo"]
[Result "0-1"]
[ICCResult "White forfeits on time"]
[WhiteElo "1667"]
[BlackElo "1476"]
[Opening "Sicilian: Canal-Sokolsky attack, 3...Bd7"]
[ECO "B52"]
[NIC "SI.01"]
[Time "21:19:41"]
[TimeControl "180+0"]

1. e4 c5 2. Nf3 d6 3. Bb5+ Bd7 4. Qe2 Nc6 5. c3 g6 6. d4 cxd4 7. cxd4 a6 8.
Bd3 Bg7 9. Be3 Nb4 10. Bc4 e6 11. Nc3 Ne7 12. O-O O-O 13. Rfd1 d5 14. Bb3
dxe4 15. Nxe4 Ned5 16. Nc5 Bb5 17. Qd2 Rc8 18. Nxb7 Qe7 19. Nc5 Rfd8 20.
Rac1 Nxe3 21. fxe3 Nc6 22. Qf2 e5 23. h4 exd4 24. Nxd4 Nxd4 25. exd4 Bxd4
26. Rxd4 Rxd4 27. Qxd4 Rd8 28. Qf4 Rc8 29. Kh2 Be8 30. Nd3 Rxc1 31. Nxc1 Qe1
{White forfeits on time}
0-1

[Event "ICC Open 2015"]
[Site "Internet Chess Club"]
[Date "2015.05.29"]
[Round "10"]
[White "eddington"]
[Black "Sjelan"]
[Result "1/2-1/2"]
[ICCResult "Game drawn by repetition"]
[WhiteElo "2163"]
[BlackElo "2195"]
[Opening "Caro-Kann: classical, Spassky variation"]
[ECO "B19"]
[NIC "CK.12"]
[Time "21:20:33"]
[TimeControl "180+0"]

1. e4 c6 2. d4 d5 3. Nc3 dxe4 4. Nxe4 Bf5 5. Ng3 Bg6 6. h4 h6 7. Nf3 Nd7 8.
h5 Bh7 9. Bd3 Bxd3 10. Qxd3 Ngf6 11. Bd2 Qc7 12. O-O-O O-O-O 13. Ne4 a6 14.
g3 Nxe4 15. Qxe4 Nf6 16. Qe2 e6 17. Bf4 Bd6 18. Bxd6 Rxd6 19. c4 Rhd8 20.
Kb1 c5 21. dxc5 Rxd1+ 22. Rxd1 Rxd1+ 23. Qxd1 Qxc5 24. Qe2 Qxh5 25. Qe3 Qf5+
26. Kc1 Ng4 27. Qa3 Nxf2 28. Qf8+ Kc7 29. Qe7+ Kc8 30. Qe8+ Kc7 31. Qe7+ Kc8
32. Qe8+ Kc7 33. Qe7+ Kc8 {Game drawn by repetition} 1/2-1/2

[Event "ICC Open 2015"]
[Site "Internet Chess Club"]
[Date "2015.05.29"]
[Round "10"]
[White "Willy809"]
[Black "blackjack721"]
[Result "1-0"]
[ICCResult "Black forfeits on time"]
[WhiteElo "1699"]
[BlackElo "1434"]
[Opening "Queen's pawn: Chigorin variation"]
[ECO "D00"]
[NIC "QP.08"]
[Time "21:19:58"]
[TimeControl "180+0"]

1. d4 d5 2. Nc3 Bf5 3. f3 e6 4. e4 Bg6 5. Bd3 Nf6 6. Nge2 dxe4 7. fxe4 Ng4
8. Bg5 Be7 9. Bxe7 Qxe7 10. Nf4 Ne3 11. Qe2 Nxg2+ 12. Nxg2 Nc6 13. Qf2 O-O-O
14. O-O-O Nxd4 15. e5 Qb4 16. a3 Qa5 17. Bxg6 fxg6 18. Rxd4 Rdf8 19. Qd2
Qxe5 20. Re1 Qxh2 21. Ne4 b6 22. Ng5 h6 23. Nxe6 Rf3 24. Rd7
{Black forfeits on time}
1-0

[Event "ICC Open 2015"]
[Site "Internet Chess Club"]
[Date "2015.05.29"]
[Round "10"]
[White "Svinotigr"]
[Black "weezil"]
[Result "1-0"]
[ICCResult "Black resigns"]
[WhiteElo "1650"]
[BlackElo "1902"]
[Opening "Réti opening"]
[ECO "A04"]
[NIC "QP.11"]
[Time "21:19:46"]
[TimeControl "180+0"]

1. Nf3 g6 2. d3 Bg7 3. Nbd2 c5 4. e4 b6 5. Qe2 Bb7 6. g3 e6 7. Bg2 Ne7 8. h4
O-O 9. O-O d5 10. Re1 Nbc6 11. c3 Qd7 12. e5 h6 13. Nf1 Rae8 14. N1h2 Nf5
15. Bf4 Qd8 16. Rad1 Kh7 17. Ng4 Ba8 18. Ngh2 d4 19. c4 a5 20. a3 Qd7 21. g4
Nfe7 22. Nd2 Ng8 23. g5 h5 24. Be4 Bxe5 25. Bxe5 Nxe5 26. Qxh5+ Kg7 27. Qe2
Nc6 28. h5 Nge7 29. Ng4 e5 30. h6+ Kh8 31. Nf6 Qh3 32. Nxe8 Rxe8 33. Qf3 Qh4
34. Qf6+ {Black resigns} 1-0

[Event "ICC Open 2015"]
[Site "Internet Chess Club"]
[Date "2015.05.29"]
[Round "10"]
[White "yummy2"]
[Black "chigamaster"]
[Result "0-1"]
[ICCResult "White resigns"]
[WhiteElo "2665"]
[BlackElo "2904"]
[Opening "Caro-Kann: classical, Flohr variation"]
[ECO "B18"]
[NIC "CK.10"]
[Time "21:20:25"]
[TimeControl "180+0"]

1. e4 c6 2. d4 d5 3. Nd2 dxe4 4. Nxe4 Bf5 5. Ng3 Bg6 6. Nh3 Nf6 7. c3 Nbd7
8. Nf4 Qc7 9. Bc4 e6 10. O-O Bd6 11. Qf3 O-O-O 12. Nxg6 hxg6 13. Bg5 Rdf8
14. b4 Nh5 15. a4 Nxg3 16. fxg3 Rh5 17. Bf4 Bxf4 18. gxf4 Rfh8 19. h3 Nf6
20. a5 g5 21. fxg5 Rxg5 22. a6 b5 23. Bd3 Rg3 24. Qe2 Rhxh3 25. Rad1 Re3 26.
gxh3 Rxe2 27. Bxe2 Qg3+ 28. Kh1 Qxh3+ 29. Kg1 Qg3+ 30. Kh1 Ne4 {White
resigns} 0-1

[Event "ICC Open 2015"]
[Site "Internet Chess Club"]
[Date "2015.05.29"]
[Round "10"]
[White "jewels2"]
[Black "Mormegil"]
[Result "0-1"]
[ICCResult "White checkmated"]
[WhiteElo "1338"]
[BlackElo "1646"]
[Opening "King's Indian: fianchetto, classical variation, 8.e4"]
[ECO "E68"]
[NIC "KI.64"]
[Time "21:20:18"]
[TimeControl "180+0"]

1. d4 Nf6 2. c4 g6 3. g3 Bg7 4. Bg2 d6 5. Nf3 O-O 6. Nc3 Nbd7 7. O-O e5 8.
e4 exd4 9. Nxd4 Re8 10. Re1 a5 11. Bg5 h6 12. Be3 Nc5 13. Bd2 Bg4 14. Qc2
Nfd7 15. Be3 Ne5 16. b3 Qd7 17. Rab1 Bh3 18. Qd2 Bxg2 19. Kxg2 Kh7 20. Nd5
Ng4 21. Bf4 Nxe4 22. Qd3 Ngxf2 23. Qf3 Qh3+ 24. Kg1 Bxd4 25. Rxe4 Nxe4+ 26.
Kh1 Nf2+ 27. Kg1 Ng4+ 28. Kh1 Qxh2# {White checkmated} 0-1

[Event "ICC Open 2015"]
[Site "Internet Chess Club"]
[Date "2015.05.29"]
[Round "10"]
[White "manta2"]
[Black "Abbas-Child"]
[Result "1-0"]
[ICCResult "Black resigns"]
[WhiteElo "1283"]
[BlackElo "1233"]
[Opening "Queen's gambit accepted"]
[ECO "D20"]
[NIC "QG.03"]
[Time "21:19:55"]
[TimeControl "180+0"]

1. d4 d5 2. c4 dxc4 3. Nc3 e6 4. Nf3 Nf6 5. e3 Bb4 6. Bxc4 Bxc3+ 7. bxc3 O-O
8. O-O Nc6 9. e4 h6 10. Qc2 Re8 11. h3 e5 12. d5 Na5 13. Bd3 c6 14. c4 cxd5
15. exd5 b6 16. Bb2 e4 17. Bxf6 Qxf6 18. Bxe4 Rb8 19. Rae1 Ba6 20. Bd3 Rxe1
21. Rxe1 Rc8 22. Qa4 Bxc4 23. Qe8+ {Black resigns} 1-0

[Event "ICC Open 2015"]
[Site "Internet Chess Club"]
[Date "2015.05.29"]
[Round "10"]
[White "isodung"]
[Black "Zigfrid"]
[Result "1-0"]
[ICCResult "Black resigns"]
[WhiteElo "2778"]
[BlackElo "3034"]
[Opening "Sicilian: closed, 6.f4"]
[ECO "B25"]
[NIC "SI.45"]
[Time "21:19:46"]
[TimeControl "180+0"]

1. e4 c5 2. Nc3 Nc6 3. g3 g6 4. Bg2 Bg7 5. d3 d6 6. f4 e6 7. Nf3 Nge7 8. O-O
O-O 9. Be3 Nd4 10. Bf2 Rb8 11. Nxd4 cxd4 12. Ne2 e5 13. c3 dxc3 14. Nxc3 Nc6
15. f5 Nd4 16. Nd5 b5 17. Qd2 f6 18. Bxd4 exd4 19. Qb4 Bb7 20. Qxd4 Bxd5 21.
Qxd5+ Kh8 22. Rac1 Qb6+ 23. Kh1 Rbc8 24. Rxc8 Rxc8 25. fxg6 hxg6 26. Qf7 Qe3
27. Qxg6 Qxd3 28. Bh3 Qe2 29. Rf2 Qd1+ 30. Kg2 Rd8 31. Bf5 Kg8 32. Be6+ Kh8
33. Rf5 Qe2+ 34. Kh3 {Black resigns} 1-0

[Event "ICC Open 2015"]
[Site "Internet Chess Club"]
[Date "2015.05.29"]
[Round "10"]
[White "Eros"]
[Black "Talion"]
[Result "0-1"]
[ICCResult "White resigns"]
[WhiteElo "2992"]
[BlackElo "2889"]
[Opening "Robatsch defense"]
[ECO "B06"]
[NIC "KF.05"]
[Time "21:20:05"]
[TimeControl "180+0"]

1. e4 g6 2. d4 Bg7 3. Nc3 b6 4. Nf3 Bb7 5. Bd3 e6 6. O-O d6 7. Ne2 Nd7 8.
Ng3 Ne7 9. a4 a6 10. c3 O-O 11. b4 a5 12. bxa5 Rxa5 13. Bd2 Ra8 14. h4 h6
15. Nh2 c5 16. h5 cxd4 17. cxd4 g5 18. f4 gxf4 19. Bxf4 Nc6 20. d5 Nce5 21.
Bb5 Nc5 22. Ra3 Qh4 23. Qd2 Ba6 24. Bxa6 Rxa6 25. Qe2 Rxa4 26. Rxa4 Nxa4 27.
Qb5 Nc5 28. Qxb6 Ncd3 29. Qe3 Nxf4 30. Rxf4 Qg5 31. dxe6 fxe6 32. Rxf8+ Kxf8
33. Qxg5 hxg5 34. Nf3 Nxf3+ 35. gxf3 Be5 36. Nf1 Kg7 37. Ne3 Bd4 38. Kf2 Kh6
39. Ke2 Bxe3 {White resigns} 0-1

[Event "ICC Open 2015"]
[Site "Internet Chess Club"]
[Date "2015.05.29"]
[Round "10"]
[White "capatal1"]
[Black "LordKinbote"]
[Result "0-1"]
[ICCResult "White checkmated"]
[WhiteElo "1441"]
[BlackElo "1424"]
[Opening "King's Indian: Torre attack"]
[ECO "A48"]
[NIC "QP.01"]
[Time "21:19:49"]
[TimeControl "180+0"]

1. d4 Nf6 2. Nf3 g6 3. Bg5 Bg7 4. Nbd2 O-O 5. e4 d5 6. e5 Nfd7 7. Bd3 f6 8.
exf6 exf6 9. Bh4 Re8+ 10. Be2 Qe7 11. c3 c5 12. Nf1 Nc6 13. Ne3 cxd4 14.
Nxd4 Nxd4 15. cxd4 Nb6 16. O-O Bf5 17. Re1 Be4 18. Bd3 Rac8 19. Bxe4 Qxe4
20. Bg3 f5 21. Nc2 Qxe1+ 22. Nxe1 Nc4 23. b3 Nb2 24. Qd2 Re4 25. Qxb2 Bxd4
26. Qd2 Bxa1 27. Qxd5+ Kh8 28. f3 Bd4+ 29. Bf2 Rxe1# {White checkmated} 0-1

[Event "ICC Open 2015"]
[Site "Internet Chess Club"]
[Date "2015.05.29"]
[Round "10"]
[White "ibarra"]
[Black "ILYMJPDL"]
[Result "1-0"]
[ICCResult "Black checkmated"]
[WhiteElo "2733"]
[BlackElo "2005"]
[Opening "Scandinavian defense"]
[ECO "B01"]
[NIC "SD.03"]
[Time "21:20:04"]
[TimeControl "180+0"]

1. e4 d5 2. exd5 Nf6 3. Be2 Nxd5 4. d4 g6 5. Nf3 Bg7 6. O-O O-O 7. c3 Bg4 8.
h3 Bd7 9. Re1 c6 10. Bf1 Qc7 11. Nbd2 Bf5 12. Nc4 Na6 13. Bg5 h6 14. Bh4
Rae8 15. Nce5 Qb6 16. Qd2 Kh7 17. g4 Bc8 18. Bd3 f5 19. Kh1 Nac7 20. Rg1 Na6
21. Rg3 Bf6 22. g5 Bxe5 23. Nxe5 h5 24. f4 Nac7 25. Rf3 Ne6 26. Bf2 Nd8 27.
Re1 Nf7 28. Nc4 Qc7 29. Bg1 Nd6 30. Ne5 Nf7 31. c4 Nb6 32. Rfe3 Nd7 33. Nxg6
Kxg6 34. Bxf5+ Kxf5 35. Qc2+ Kxf4 36. Qg2 Kf5 37. g6 Nh6 38. Rf1+ Qf4 39.
Rxf4+ Kxf4 40. g7 Rf6 41. Rf3+ Ke4 42. Qe2# {Black checkmated} 1-0

[Event "ICC Open 2015"]
[Site "Internet Chess Club"]
[Date "2015.05.29"]
[Round "10"]
[White "Smays"]
[Black "kevinice"]
[Result "0-1"]
[ICCResult "White forfeits on time"]
[WhiteElo "1669"]
[BlackElo "1984"]
[Opening "Grünfeld: 5.e3"]
[ECO "D94"]
[NIC "GI.09"]
[Time "21:20:15"]
[TimeControl "180+0"]

1. d4 Nf6 2. Nf3 g6 3. c4 Bg7 4. Nc3 d5 5. e3 O-O 6. Be2 c5 7. Nxd5 Nxd5 8.
cxd5 Qxd5 9. dxc5 Qxc5 10. O-O Nc6 11. Qa4 Rd8 12. a3 Be6 13. b4 Qb6 14. Rb1
Ba2 15. Bb2 Bxb1 16. Bxg7 Kxg7 17. Rxb1 Rd6 18. g3 Rad8 19. Kg2 f6 20. Qb3
a6 21. h4 Qc7 22. h5 Rd5 23. hxg6 hxg6 24. Bc4 Rh5 25. Be6 Rdh8 26. Bg4 R5h6
27. Be6 Ne5 28. Nd4 Qd6 29. Rd1 Rh2+ 30. Kf1 Rh1+ 31. Ke2 Rxd1 32. Kxd1 Nc6
33. Ke2 Nxd4+ 34. exd4 Qxd4 35. Bg4 Qe5+ 36. Kf3 f5 {White forfeits on time}
0-1

[Event "ICC Open 2015"]
[Site "Internet Chess Club"]
[Date "2015.05.29"]
[Round "10"]
[White "PajoPatak"]
[Black "ALexiz"]
[Result "0-1"]
[ICCResult "White checkmated"]
[WhiteElo "1597"]
[BlackElo "1819"]
[Opening "Sicilian: closed, 2...Nc6"]
[ECO "B23"]
[NIC "SI.44"]
[Time "21:19:59"]
[TimeControl "180+0"]

1. e4 c5 2. Nc3 Nc6 3. Bb5 Nd4 4. Nf3 Nxb5 5. Nxb5 a6 6. Nc3 g6 7. d4 cxd4
8. Qxd4 Nf6 9. e5 Ng8 10. Bf4 Bg7 11. O-O-O Nh6 12. Nd5 O-O 13. Kb1 b5 14.
Qc5 d6 15. exd6 exd6 16. Bxd6 Re8 17. Be7 Qa5 18. Nf6+ Bxf6 19. Bxf6 Be6 20.
Bc3 Qxa2+ 21. Kc1 Rad8 22. Nd2 Qa1+ 23. Nb1 Ba2 24. Rxd8 Rxd8 25. Bd4 Qxb1+
26. Kd2 Qxh1 27. Qe5 Rxd4+ 28. Qxd4 Qxg2 29. Qd8+ Kg7 30. Qd4+ f6 31. Qd7+
Nf7 32. b3 Qxf2+ 33. Kc1 a5 34. Kb2 a4 35. bxa4 bxa4 36. Kxa2 Qxc2+ 37. Ka3
Qb3# {White checkmated} 0-1

[Event "ICC Open 2015"]
[Site "Internet Chess Club"]
[Date "2015.05.29"]
[Round "10"]
[White "Schack"]
[Black "jakemate"]
[Result "0-1"]
[ICCResult "White resigns"]
[WhiteElo "1631"]
[BlackElo "1807"]
[Opening "Trompowsky attack (Ruth, Opocenský opening)"]
[ECO "A45"]
[NIC "QP.07"]
[Time "21:19:58"]
[TimeControl "180+0"]

1. d4 Nf6 2. Bg5 Ne4 3. Bf4 d6 4. f3 Nf6 5. e4 c5 6. dxc5 Qa5+ 7. Nc3 Qxc5
8. Bd3 Nc6 9. Nge2 a6 10. Qd2 e6 11. Be3 Qh5 12. Ng3 Qa5 13. O-O Be7 14. Nb1
Qc7 15. a3 O-O 16. Nc3 b5 17. Rad1 Bb7 18. Rfe1 Rac8 19. Nce2 Rfd8 20. Nd4
Ne5 21. Bf1 Nc4 22. Bxc4 Qxc4 23. c3 Nd7 24. Kh1 Ne5 25. f4 Ng4 26. Bg1 Nf6
27. f5 e5 28. Nf3 Qc7 29. Ng5 h6 30. Nh3 d5 31. exd5 Nxd5 32. Qe2 Bf6 33.
Ne4 Re8 34. Nxf6+ Nxf6 35. Be3 Qc6 36. Ng1 Nd5 37. Nf3 Nf4 38. Bxf4 exf4 39.
Qf2 Rxe1+ 40. Rxe1 Re8 41. Rxe8+ Qxe8 42. Nd4 Qe4 43. Kg1 Bd5 44. Kf1 Bc4+
45. Kg1 Qb1+ 46. Qf1 {White resigns} 0-1

[Event "ICC Open 2015"]
[Site "Internet Chess Club"]
[Date "2015.05.29"]
[Round "10"]
[White "Permanent"]
[Black "f5"]
[Result "0-1"]
[ICCResult "White checkmated"]
[WhiteElo "2058"]
[BlackElo "2158"]
[Opening "Dutch with c4 & Nc3"]
[ECO "A85"]
[NIC "HD.05"]
[Time "21:20:30"]
[TimeControl "180+0"]

1. d4 f5 2. c4 Nf6 3. Nc3 e6 4. Nf3 d5 5. Bg5 c6 6. cxd5 exd5 7. e3 Be7 8.
Ne5 Nbd7 9. f4 O-O 10. Be2 Nxe5 11. fxe5 Ng4 12. Bxe7 Qxe7 13. O-O Nxe3 14.
Qd3 Nxf1 15. Rxf1 f4 16. Bf3 Bf5 17. Qd2 g5 18. a3 Qe6 19. Bd1 Qg6 20. Na4
Rae8 21. Nc5 Re7 22. b4 b6 23. Na4 Ref7 24. Nc3 Bd3 25. Re1 g4 26. b5 Bxb5
27. Nxb5 cxb5 28. Bb3 Qe6 29. Qa2 Rd8 30. Rc1 f3 31. g3 f2+ 32. Kf1 Qf5 33.
Qe2 Qh5 34. Kg2 Rf3 35. Ba2 Kh8 36. Rf1 Rdf8 37. Qxb5 Qh3+ 38. Kh1 Qh6 39.
Kg2 Qe3 40. Bxd5 R3f5 41. Qb4 Rd8 42. Be6 Qf3# {White checkmated} 0-1

[Event "ICC Open 2015"]
[Site "Internet Chess Club"]
[Date "2015.05.29"]
[Round "10"]
[White "BehindBluEyes"]
[Black "supermouse"]
[Result "0-1"]
[ICCResult "White resigns"]
[WhiteElo "2299"]
[BlackElo "2691"]
[Opening "King's pawn opening"]
[ECO "B07"]
[NIC "VO.17"]
[Time "21:20:28"]
[TimeControl "180+0"]

1. e4 d6 2. d4 g6 3. f3 Bg7 4. c3 Nd7 5. Be3 c5 6. Bd3 Qb6 7. Qd2 cxd4 8.
cxd4 Bxd4 9. Bxd4 Qxd4 10. Nc3 Ngf6 11. Rc1 O-O 12. Nge2 Qb6 13. Na4 Qd8 14.
O-O Nb6 15. Nac3 Be6 16. Nd4 Bc4 17. Rf2 Bxd3 18. Qxd3 Rc8 19. h3 Nc4 20. f4
e5 21. Nb3 exf4 22. Rxf4 Nxb2 23. Qf3 Nh5 24. Rg4 Nc4 25. Nd5 Ne5 26. Qe2
Rxc1+ 27. Nxc1 Nxg4 28. hxg4 Nf6 29. Nc3 Re8 30. Nd3 Qb6+ 31. Kh2 Qd4 32.
Qd2 Nxg4+ 33. Kg3 Ne5 {White resigns} 0-1

[Event "ICC Open 2015"]
[Site "Internet Chess Club"]
[Date "2015.05.29"]
[Round "10"]
[White "grancaruso"]
[Black "PADILLON2189"]
[Result "0-1"]
[ICCResult "White forfeits on time"]
[WhiteElo "1866"]
[BlackElo "2048"]
[Opening "English: Neo-Catalan"]
[ECO "A13"]
[NIC "RE.11"]
[Time "21:19:43"]
[TimeControl "180+0"]

1. Nf3 Nf6 2. c4 e6 3. g3 d5 4. Bg2 c6 5. Qc2 Nbd7 6. O-O b6 7. d4 Bb7 8.
Rd1 Rc8 9. Nc3 c5 10. Qa4 a6 11. cxd5 b5 12. Qb3 Nxd5 13. a3 Be7 14. Bd2 O-O
15. Rac1 c4 16. Qc2 Nxc3 17. Bxc3 Nf6 18. Nd2 Bxg2 19. Kxg2 a5 20. f3 b4 21.
axb4 axb4 22. e4 bxc3 23. bxc3 Qc7 24. Nf1 e5 25. Ne3 g6 26. d5 Bd6 27. h3
Nd7 28. Ng4 Kg7 29. Qd2 f6 30. Qh6+ Kg8 31. Qh4 Qd8 32. Rb1 Rb8 33. Ra1 Rb7
34. Ra6 Nc5 35. Ra5 f5 36. Nh6+ Kg7 37. Rda1 Qxh4 38. gxh4 Kxh6
{White forfeits on time}
0-1